 Dungeon Crawl Stone Soup version 0.18-a0-1164-g7046a04 (webtiles) character file.

37 Duffy the Ruffian (level 3, 0/28 HPs)
             Began as a Draconian Transmuter on Jan 25, 2016.
             Slain by a hound (2 damage)
             ... on level 6 of the Dungeon.
             The game lasted 00:01:01 (805 turns).

Duffy the Ruffian (Draconian Transmuter)             Turns: 805, Time: 00:01:01

Health: 0/28       AC:  5    Str: 13    XL:     3   Next: 21%
Magic:  6/6        EV: 14    Int: 13    God:
Gold:   0          SH:  0    Dex: 11    Spells: 1 memorised, 5 levels left

rFire  . . .     SeeInvis .       - Unarmed
rCold  . . .     Gourm    .     (armour unavailable)
rNeg   . . .     Faith    .     (no shield)
rPois  .         Spirit   .     (helmet restricted)
rElec  .         Dismiss  .     (no cloak)
rCorr  .         Reflect  .     (no gloves)
SustAt .         Harm     .     (no boots)
MR     .....                    (no amulet)
Stlth  +.........               (no ring)
                                f - +2 ring of evasion

@: not resistant to hostile enchantments, very unstealthy
A: unfitting armour, cold-blooded, AC +5
a: no special abilities


You were on level 6 of the Dungeon.
You were not hungry.

You visited 1 branch of the dungeon, and saw 5 of its levels.


Innate Abilities, Weirdness & Mutations

Your plain brown scales are hard (AC +5).
Your body does not fit into most forms of armour.
You are cold-blooded and may be slowed by cold attacks.


   Skills:
 - Level 1.1 Fighting
 - Level 1.7 Dodging
 + Level 4.3 Unarmed Combat
 - Level 2.0 Spellcasting
 - Level 2.0 Transmutations


You had 5 spell levels left.
You knew the following spells:

 Your Spells              Type           Power        Failure   Level  Hunger
a - Beastly Appendage     Trmt           #.....       12%         1    ##.....

Inventory:

Missiles
 a - 12 arrows
Jewellery
 f - a +2 ring of evasion (left hand)
Scrolls
 e - a scroll of remove curse
Potions
 h - 2 potions of lignification {unknown}
Books
 b - a book of Changes
Comestibles
 c - 2 bread rations

Dungeon Overview and Level Annotations

Branches:
Dungeon (6/15)
 Temple: D:4-7

Altars:

Annotations:
D:6 Eustachio, Prince Ribbit


Message History

The hound misses you.
Read which item? (? for menu, Esc to quit)
As you read the scroll labeled OSMUZEBLOCI, it crumbles to dust.
You feel blessed for a moment.
It was a scroll of remove curse.
The hound closely misses you.
Prince Ribbit blinks!
The hound completely misses you.
Read which item? (? for menu, Esc to quit)
As you read the scroll labeled NAUFUV ASEKK, it crumbles to dust.
It is a scroll of enchant weapon.
You aren't carrying any weapons that can be enchanted.
Prince Ribbit asks, "Just a little smooch?"
Eustachio gestures wildly while chanting.
The hound misses you.
Read which item? (? for menu, Esc to quit)
As you read the scroll labeled PONOCO RUATUNA, it crumbles to dust.
You feel aware of your surroundings.
You sensed 1 altar.
It was a scroll of magic mapping.
The hound bites you but does no damage. The hound closely misses you.
A giant gecko comes into view.
The hound bites you.
Eustachio gestures wildly while chanting.
The crimson imp blinks!
The giant gecko misses you. The hound misses you.
The bat hits you but does no damage. The bat barely misses you.
The hound misses you. The bat closely misses you.
The bat hits you but does no damage.
Eustachio gestures wildly while chanting.
Eustachio blinks!
The hound misses you.
Found a stone staircase leading up.
The hound bites you. The hound bites you.
You die...

*,,,,,,,* #.......#.........,.
*,*****,* #.......#........*,,
*,*****,* #r5.....#........+,,
*,,,,,,,###l......#........*,,
********#...O5###.#########*,,
#.###.###.# *,, #.l.#.F...#
*,, ###b####### *,, #.h@<# *,,
###### *,, ***


You could see a hound, a giant gecko and a bat.

Action                   || total
-------------------------++-------
Melee: Unarmed           ||    72
  Use: Scroll            ||     3
 Stab: Sleeping          ||     1

Notes
Turn   | Place    | Note
--------------------------------------------------------------
     0 | D:1      | Duffy the Draconian Transmuter began the quest for the Orb.
     0 | D:1      | Reached XP level 1. HP: 16/16 MP: 3/3
   216 | D:2      | Reached XP level 2. HP: 20/23 MP: 5/5
   246 | D:2      | Reached skill level 4 in Unarmed Combat
   608 | D:2      | Reached XP level 3. HP: 21/28 MP: 6/6
   742 | D:3      | You fall through a shaft for 2 floors!
   742 | D:5      | Entered Level 5 of the Dungeon
   743 | D:5      | Noticed an ogre
   757 | D:6      | Noticed an ogre
   764 | D:6      | Noticed Eustachio
   783 | D:6      | Noticed Prince Ribbit
   805 | D:6      | Slain by a hound

Vault maps used:
D:1:      lemuel_arrival_tunnels
D:2:      lemuel_zombie_altar_kikubaaqudgha, gammafunk_pakellas_cloud_experiment
D:3:      portal_sewer_entry_b, uniq_sigmund
D:5:      lemuel_coloured_pillars_altar, first_bread, serial_shops,
          nicolae_shop_statue_plus, kennysheep_little_box, uniq_grinder
D:6:      old_standard_altar, uniq_prince_ribbit1, uniq_duvessa, uniq_menkaure,
          uniq_eustachio

Vanquished Creatures
  2 adders
  An ooze
  4 bats
  2 goblins
  2 hobgoblins
  2 kobolds
  2 rats
15 creatures vanquished.
